 Dungeon Crawl Stone Soup version 0.24.0-13-gcf9b3192b9 (webtiles) character file.

Game seed: 6549317825753930004, levelgen mode: deterministic

194 Arum the Shield-Bearer (level 6, 0/73 HPs)
             Began as a Formicid Fighter on Nov 9, 2019.
             Was a Follower of Ru.
             Killed by divine providence
             ... invoked by an orc priest
              (13 damage)
             ... on level 4 of the Dungeon.
             The game lasted 00:03:32 (3508 turns).

Arum the Shield-Bearer (Formicid Fighter)           Turns: 3508, Time: 00:03:32

Health: 0/73       AC: 23    Str: 20 (22) XL:     6   Next: 3%
Magic:  6/6        EV:  2    Int: 10 (12) God:    Ru [*.....]
Gold:   157        SH: 10    Dex: 10 (11) Spells: 5/5 levels left

rFire    . . .     SeeInvis .   a - +0 quarterstaff
rCold    . . .     Gourm    .   c - +0 shield
rNeg     + + +     Faith    .   (armour currently unavailable)
rPois    +         Spirit   .   (helmet unavailable)
rElec    .         Reflect  .   (cloak currently unavailable)
rCorr    .         Harm     .   (gloves currently unavailable)
MR       .....                  (boots currently unavailable)
Stlth    ++........             e - amulet of magic regeneration
HPRegen  0.22/turn              l - ring of stealth
MPRegen  0.35/turn              h - ring of teleportation (curse)

@: brilliant, tree-form
A: permanent stasis, dig shafts and tunnels, four strong arms, hated by all
a: Renounce Religion


You were on level 4 of the Dungeon.
You worshipped Ru.
Ru was aware of your devotion.
You were not hungry.
You were a tree.
You visited 1 branch of the dungeon, and saw 4 of its levels.

You collected 157 gold pieces.

Inventory:

Hand Weapons
 a - a +0 quarterstaff (weapon)
Missiles
 i - 11 javelins (quivered)
Armour
 b - a +0 scale mail (melded)
 c - a +0 shield (worn)
 s - a +0 cloak (melded)
Jewellery
 e - an amulet of magic regeneration (around neck)
 h - a cursed ring of teleportation (right branch)
 l - a ring of stealth (left branch)
Scrolls
 g - 3 scrolls of remove curse {unknown}
 k - 2 scrolls of identify {unknown}
 m - a scroll of amnesia {unknown}
 p - a scroll of magic mapping {unknown}
 q - a scroll of blinking {unknown}
 r - a scroll of enchant armour {unknown}
Potions
 d - a potion of might
Comestibles
 f - 8 rations
 t - 2 chunks of flesh


   Skills:
 + Level 4.7 Fighting
 + Level 3.6 Staves
 - Level 3.2 Armour
 + Level 5.2 Shields


You had 5 spell levels left.
You didn't know any spells.
Your spell library was empty.

Dungeon Overview and Level Annotations

Branches:
Dungeon (4/15)
 Temple: D:4-7

Altars:
Hepliaklqana
Ru
Yredelemnul
The Shining One


Innate Abilities, Weirdness & Mutations

You cannot be hasted, slowed, berserked, paralysed or teleported.
You can dig through walls and to a lower floor.
Your four strong arms can wield two-handed weapons with a shield.
((You have a pair of large antennae on your head. (SInv)))
You are hated by all.


Message History

Your mandibles meld away.
Your roots penetrate the ground.
The orc priest begins to cast a cantrip, but forgets the words!
It was a potion of brilliance.
You feel clever all of a sudden. You block the orc priest's attack.
You hit the orc priest.
The orc priest is moderately wounded.
The orc priest hits you but does no damage.
You hit the orc priest.
The orc priest is heavily wounded.
The orc priest hits you with a +0 flail.
* * * LOW HITPOINT WARNING * * *
You hit the orc priest.
The orc priest is almost dead.
You block the orc priest's attack.
You hit the orc priest but do no damage.
The orc priest is almost dead.
The orc priest mumbles some strange prayers to Beogh against you.
Beogh smites you!
You die...

.......###.#.#
#####..........#
#...o.†.........
#.###.##o###.#.
# #.# #{###
##{..# #o##<#
##♣#.# ###.# #.#
#.# #.# #.# #.#


You could see an orc priest.

Vanquished Creatures
  A hound (D:4)
  An orc priest (D:3)
  6 adders
  4 worms
  2 leopard geckos
  3 orcs (D:3)
  2 ball pythons (D:1)
  4 giant cockroaches
  5 goblins
  7 hobgoblins
  7 jackals (D:1)
  A quokka (D:3)
  9 bats
  2 frilled lizards
  6 kobolds
  7 rats
  A spectral orc (D:2)
68 creatures vanquished.

Notes
Turn   | Place    | Note
-------+----------+-------------------------------------------
     0 | D:1      | Arum the Formicid Fighter began the quest for the Orb.
     0 | D:1      | Reached XP level 1. HP: 18/18 MP: 1/1
    73 | D:1      | Reached XP level 2. HP: 7/24 MP: 2/2
   350 | D:1      | Reached skill level 4 in Shields
   476 | D:1      | Reached XP level 3. HP: 26/30 MP: 3/3
  1355 | D:2      | Found a sacrificial altar of Ru.
  1363 | D:2      | Became a worshipper of Ru the Awakened
  1524 | D:2      | Reached XP level 4. HP: 24/37 MP: 4/4
  1763 | D:2      | Found a basalt altar of Yredelemnul.
  2391 | D:3      | Reached XP level 5. HP: 3/42 MP: 5/5
  2669 | D:3      | Found a hazy altar of Hepliaklqana.
  2669 | D:3      | Found a glowing golden altar of the Shining One.
  2987 | D:3      | Reached skill level 5 in Shields
  3300 | D:3      | Gained mutation: You are hated by all. [Ru sacrifice]
  3300 | D:3      | Reached * piety under Ru
  3487 | D:4      | Reached XP level 6. HP: 48/49 MP: 6/6
  3508 | D:4      | Killed from afar by an orc priest

Levels and vault maps discovered:
D:1:      mrwooster_arrival_statue_3, layout_basic, serial_forest,
          infiniplex_forest_lined_3, infiniplex_forest_end_3,
          infiniplex_forest_lined_2, infiniplex_forest_end_double,
          infiniplex_forest_lined_2, chequers_serial_rivers_micro_a
D:2:      layout_basic, nicolae_ru_sacrificial_ziggurat,
          yredelemnul_forgotten_temple_becter
D:3:      layout_loops_ring, minitemple, first_ration, grunt_ministairs_11
D:4:      layout_loops_ring, gammafunk_temple_overflow_elements,
          minmay_temple_entry_poolview, minmay_ruined_shrine

Skill      XL: |  1  2  3  4  5 |
---------------+----------------+-----
Shields        | 4 5 |  5.2
Fighting       | 4 |  4.7
Staves         | 3 |  3.6
Armour         | |  3.2

Action                   |  1- 3 |  4- 6 || total
-------------------------+-------+-------++-------
Melee: Quarterstaff      |   116 |   150 ||   266
Invok: Sacrifice Love    |       |     1 ||     1
 Abil: Dig               |       |     5 ||     5
  Use: Potion            |       |     4 ||     4
 Stab: Sleeping          |       |     1 ||     1
  Eat: Chunk             |     2 |     7 ||     9
Armor: Scale mail        |    54 |    42 ||    96
       Skin              |       |     1 ||     1
Dodge: Dodged            |    55 |    37 ||    92
Block: Shield            |    67 |    97 ||   164
